AoeStats
← batata-angolan

Black Forest

508768734Analyzed
4v4 RM · 7d ago on Sep 24, 2026· 61m 37s· 8 players
Game mode
Random Map
Map size
Large (8 player)
Population
200
Speed
Normal
Resources
Standard
Victory
Conquest
Starting age
Dark Age
Ending age
Imperial Age
RankedLock teamsTeams togetherTeam positionsShared explorationLock speedFull tech treeHidden civsTurbo modeCheats
Victory
Defeat
🇧🇷 Cumans · Brazil
749
+16
🇧🇷 Bulgarians · Brazil
700
+18
🇧🇷 Franks · Brazil
699
+18
🇧🇷 Britons · Brazil
688
+19
🇹🇷 Britons · Türkiye
764
-24
🇺🇸 Chinese · United States
756
-18
🇦🇷 Vikings · Argentina
752
-18
🇨🇴 Burgundians · Colombia
717
-17
Gehoee31
0:28 Loom
13:05 Feudal Age
24:24 Castle Age
23:04 Man-at-Arms
50:33 Horse Collar
50:47 Gold Mining
50:53 Double-Bit Axe
54:44 Light Cavalry
56:18 Husbandry
56:32 Bloodlines
Mike1206
2:38 Loom
11:33 Feudal Age
20:18 Castle Age
18:10 Horse Collar
19:08 Double-Bit Axe
19:26 Heavy Plow
25:07 Elite Skirmisher
27:33 Cavalier
29:38 Forging
30:46 Crop Rotation
31:11 Cavalier
33:01 Burgundian Vineyards
33:39 Scale Mail Armor
34:20 Bow Saw
34:44 Town Watch
35:20 Scale Barding Armor
38:29 Imperial Age
36:59 Wheelbarrow
37:21 Husbandry
37:30 Town Patrol
39:31 Paladin
SexeS
11:51 Feudal Age
10:08 Loom
15:01 Gold Mining
15:02 Stone Mining
15:03 Double-Bit Axe
15:02 Horse Collar
22:44 Castle Age
20:32 Town Watch
22:22 Wheelbarrow
24:27 Gold Shaft Mining
24:12 Bow Saw
24:06 Heavy Plow
26:08 Hand Cart
25:54 Town Patrol
28:21 Caravan
30:15 Padded Archer Armor
30:05 Fletching
32:31 Leather Archer Armor
32:11 Bodkin Arrow
33:20 Elite Skirmisher
37:45 Imperial Age
39:50 Elite Longbowman
40:51 Conscription
40:32 Warwolf
41:13 Bracer
41:44 Ring Archer Armor
43:29 Chemistry
42:50 Ballistics
42:41 Masonry
42:27 Murder Holes
42:19 Arrowslits
46:29 Forging
46:20 Scale Mail Armor
46:25 Scale Barding Armor
48:09 Heated Shot
48:00 Treadmill Crane
48:50 Architecture
48:13 Guard Tower
49:35 Yeomen
59:46 Sappers
60:55 Hoardings
Lucas Weimann
12:41 Feudal Age
17:53 Castle Age
17:37 Double-Bit Axe
17:34 Horse Collar
17:46 Stone Mining
24:49 Fishing Lines
27:12 Town Watch
27:17 Loom
28:44 Bow Saw
28:26 Gold Mining
28:40 Heavy Plow
28:24 Man-at-Arms
29:23 Squires
29:10 Arson
28:47 Pikeman
30:32 Caravan
30:33 Long Swordsman
35:14 Imperial Age
33:50 Forging
36:03 Scale Mail Armor
35:45 Two-Handed Swordsman
36:36 Champion
38:53 Hoardings
38:41 Conscription
39:22 Chain Mail Armor
39:43 Iron Casting
40:27 Chieftains
41:42 Plate Mail Armor
43:20 Ballistics
44:01 Chemistry
42:42 Treadmill Crane
43:08 Siege Engineers
43:14 Masonry
44:31 Hoardings
49:34 Bogsveigar
49:06 Sappers
49:12 Elite Skirmisher
53:56 Elite Berserk
56:56 Blast Furnace
batata-angolan
4:59 Loom
11:02 Feudal Age
12:26 Horse Collar
12:34 Double-Bit Axe
15:52 Gold Mining
18:17 Wheelbarrow
21:47 Town Watch
24:18 Castle Age
25:26 Heavy Plow
25:39 Bow Saw
28:38 Hand Cart
28:18 Stone Mining
31:04 Gambesons
31:20 Squires
31:06 Arson
34:54 Imperial Age
34:44 Town Patrol
35:57 Conscription
37:05 Forging
36:55 Scale Mail Armor
37:30 Crop Rotation
37:51 Bagains
40:21 Chain Mail Armor
40:41 Iron Casting
40:13 Scale Barding Armor
41:08 Gold Shaft Mining
41:14 Stone Shaft Mining
40:48 Elite Konnik
42:35 Blast Furnace
44:56 Stirrups
47:39 Plate Mail Armor
58:11 Chain Barding Armor
Ze taboca5485
5:16 Loom
14:02 Feudal Age
17:27 Man-at-Arms
18:10 Arson
20:00 Horse Collar
22:11 Double-Bit Axe
22:24 Gold Mining
27:23 Wheelbarrow
31:58 Castle Age
32:47 Squires
32:08 Pikeman
34:07 Capped Ram
47:03 Imperial Age
45:09 Hand Cart
49:08 Halberdier
50:38 Bow Saw
51:09 Gold Shaft Mining
54:44 Siege Ram
halou157
12:55 Feudal Age
17:35 Double-Bit Axe
21:38 Castle Age
22:25 Husbandry
22:54 Scale Barding Armor
23:02 Forging
24:26 Chain Barding Armor
25:36 Wheelbarrow
25:14 Bow Saw
25:25 Loom
30:01 Gold Mining
36:13 Imperial Age
35:18 Gold Shaft Mining
36:53 Cavalier
39:08 Conscription
39:31 Paladin
45:09 Chemistry
45:02 Chivalry
45:59 Plate Barding Armor
48:32 Iron Casting
49:35 Hand Cart
49:05 Town Watch
51:58 Ballistics
52:43 Blast Furnace
58:30 Caravan
AP0LL00O
10:04 Feudal Age
17:02 Castle Age
17:50 Double-Bit Axe
18:37 Crossbowman
23:01 Padded Archer Armor
22:52 Fletching
23:50 Leather Archer Armor
28:30 Bodkin Arrow
30:54 Ballistics
31:32 Wheelbarrow
30:43 Town Watch
30:43 Loom
36:57 Imperial Age
37:19 Arbalester
38:31 Ring Archer Armor
38:02 Bracer
48:59 Chemistry
54:20 Yeomen
54:45 Cavalier
Connection lost

Rejoining the realm…

Still unreachable

The connection could not be restored.

Session expired

The server has moved on; the page needs a fresh start.